 Dungeon Crawl Stone Soup version 0.24-a0-613-g1ff6aac338 (webtiles) character file.

Game seed: 12279966233326266780, levelgen mode: deterministic

267 E1999 the Chopper (level 6, -5/45 HPs)
             Began as a Minotaur Fighter on Sept 11, 2019.
             Was an Initiate of Hepliaklqana.
             Slain by a yak (8 damage)
             ... on level 3 of the Dungeon.
             The game lasted 00:07:08 (2653 turns).

E1999 the Chopper (Minotaur Fighter)                Turns: 2653, Time: 00:07:09

Health: -5/45      AC:  8    Str: 19 (21) XL:     6   Next: 0%
Magic:  5/5        EV:  9    Int:  3 (5)  God:    Hepliaklqana [......]
Gold:   236        SH:  3    Dex: 10 (11) Spells: 5/5 levels left

rFire    . . .     SeeInvis .   d - +6 trident (protect)
rCold    . . .     Gourm    .   (no shield)
rNeg     . . .     Faith    .   b - +0 scale mail
rPois    .         Spirit   .   (helmet restricted)
rElec    .         Reflect  +   (no cloak)
rCorr    .         Harm     .   k - +0 pair of gloves
MR       .....                  (no boots)
Stlth    ..........             o - +3 amulet of reflection
HPRegen  0.15/turn              (no ring)
MPRegen  0.09/turn              (no ring)

@: no status effects
A: retaliatory headbutt, reduced essence, horns 2
a: Recall Ancestor, Ancestor Identity, Renounce Religion


You were on level 3 of the Dungeon.
You worshipped Hepliaklqana.
Hepliaklqana was noncommittal.
You were not hungry.

You visited 1 branch of the dungeon, and saw 4 of its levels.

You collected 236 gold pieces.

Inventory:

Hand Weapons
 a - a +0 war axe
 d - a +6 trident of protection (weapon)
Armour
 b - a +0 scale mail (worn)
 c - a +0 shield
 k - a +0 pair of gloves (worn)
 n - a +0 large shield
Jewellery
 o - a +3 amulet of reflection (around neck)
Scrolls
 h - a scroll of amnesia
 i - 5 scrolls of identify {unknown}
 p - a scroll of random uselessness {unknown}
Potions
 g - a potion of magic
 j - a potion of ambrosia {unknown}
 l - a potion of mutation {unknown}
 m - a potion of degeneration
Comestibles
 f - 7 rations


   Skills:
 - Level 3.6 Fighting
 - Level 5.5(6.4) Axes
 + Level 4.9(6.1) Polearms
 - Level 3.6 Armour
 - Level 0.1 Stealth
 - Level 3.6 Shields


You had 5 spell levels left.
You didn't know any spells.
Your spell library was empty.

Dungeon Overview and Level Annotations

Branches:
Dungeon (4/15)
 Temple: D:4-7

Altars:
Cheibriados
Fedhas
Hepliaklqana
Kikubaaqudgha
Makhleb
Nemelex Xobeh
Wu Jian


Innate Abilities, Weirdness & Mutations

You reflexively headbutt those who attack you in melee.
You have a pair of horns on your head.
Your life essence is reduced to manifest your ancestor. (-10% HP)


Message History

* * * LOW HITPOINT WARNING * * *
The yak gores you!
* * * LOW HITPOINT WARNING * * *
You see here 20 stones.
Okay, then.
There is a stone staircase leading up here.
It was a potion of magic.
Magic courses through your body. The yak gores you!
* * * LOW HITPOINT WARNING * * *
It was a potion of degeneration.
There was something very wrong with that liquid.
You feel weakened.
You feel dopey.
You feel clumsy. The yak barely misses you.
It was a potion of curing.
You feel better. The yak gores you.
* * * LOW HITPOINT WARNING * * *
You feel better. The yak gores you!
* * * LOW HITPOINT WARNING * * *
As you read the scroll labeled DELIEM TUZUA, it crumbles to dust.
It is a scroll of amnesia.
You feel forgetful for a moment. The yak gores you!
You die...

#R#.#.# #.# #....<..†...#
##.#.## #.# #.###########
#.###.# #.# #.# # ##.#.##
#### #.# #.###### #
#.#.#R#
#..#####.###......# ###
##R#.##
##.........######.#####..
#.###.# #...>...Y#.#
#......... ##R#.##
########Y#.# ##.#####..
#R#.#R# #@#.# #.# ###
##R#.##
#.#.######.#######
#.###.#
#..........<......
##.#.##
#.#.#####........#
#.#(#.# #.#.# #..#####..
##.#R## #.#.## #..# ###
#.###.#
########.#..####..# ###
##.#.##
#..........))÷....# ##.#
#.#.#.#
#.#######._.......####R#.


You could see 2 yaks.

Vanquished Creatures
  2 bullfrog skeletons (D:4)
  Robin (D:2)
  5 adders
  4 worms
  A dart slug (D:3)
  2 leopard geckos (D:2)
  An orc (D:4)
  A ball python (D:3)
  6 bats
  5 giant cockroaches (D:2)
  12 goblins
  16 hobgoblins
  9 jackals
  3 kobolds
  2 quokkas
  3 frilled lizards
  9 rats
82 creatures vanquished.

Vanquished Creatures (collateral kills)
  A hound (D:3)
  A worker ant (D:4)
  A frilled lizard (D:3)
  A rat (D:3)
4 creatures vanquished.

Vanquished Creatures (others)
  An ancestor (D:4)
1 creature vanquished.

Grand Total: 87 creatures vanquished

Notes
Turn   | Place    | Note
-------+----------+-------------------------------------------
     0 | D:1      | E1999 the Minotaur Fighter began the quest for the Orb.
     0 | D:1      | Reached XP level 1. HP: 19/19 MP: 0/0
    44 | D:1      | Reached skill level 3 in Axes
    81 | D:1      | Reached XP level 2. HP: 22/26 MP: 1/1
   572 | D:2      | Reached skill level 4 in Axes
   738 | D:2      | Reached XP level 3. HP: 25/31 MP: 2/2
   779 | D:2      | Reached skill level 5 in Axes
   989 | D:2      | Reached XP level 4. HP: 34/39 MP: 3/3
  1154 | D:2      | Noticed Robin
  1178 | D:2      | Killed Robin
  1516 | D:2      | Reached skill level 1 in Polearms
  1728 | D:2      | Found an ornate altar of the Wu Jian Council.
  1731 | D:2      | Reached skill level 2 in Polearms
  1909 | D:3      | Found a hazy altar of Hepliaklqana.
  1917 | D:3      | Became a worshipper of Hepliaklqana the Forgotten
  1955 | D:3      | Found an ancient bone altar of Kikubaaqudgha.
  1955 | D:3      | Found a blossoming altar of Fedhas.
  1970 | D:3      | Found a sparkling altar of Nemelex Xobeh.
  2027 | D:3      | Reached skill level 3 in Polearms
  2027 | D:3      | Reached XP level 5. HP: 40/40 MP: 4/4
  2096 | D:3      | Found a snail-covered altar of Cheibriados.
  2271 | D:3      | Found a burning altar of Makhleb.
  2543 | D:4      | Reached skill level 4 in Polearms
  2612 | D:4      | Noticed a yak
  2612 | D:4      | Noticed a yak
  2614 | D:4      | Noticed a yak
  2614 | D:4      | Noticed a yak
  2614 | D:4      | Noticed a yak
  2615 | D:4      | Reached XP level 6. HP: 41/45 MP: 5/5
  2620 | D:4      | Noticed a yak
  2649 | D:3      | HP: 1/45 [yak (10)]
  2653 | D:3      | Slain by a yak

Levels and vault maps discovered:
D:1:      scummos_arrival_gate, layout_basic
D:2:      layout_basic, nicolae_overflow_hidden_temple, minmay_liquid_box,
          uniq_robin
D:3:      layout_loops_ring, grunt_temple_overflow_growth_and_decay,
          cheibriados_altar_1, nicolae_overflow_crystal_walls,
          lemuel_crystal_altar, lemuel_doored_altar, roderic_roman_lattice
D:4:      layout_rooms, first_ration, okawaru_trees_2

Skill      XL: |  1  2  3  4  5 |
---------------+----------------+-----
Axes           | 3 4 5 |  5.5
Polearms       | 3 4 |  4.9
Fighting       | |  3.6
Armour         | |  3.6
Stealth        | |  0.1
Shields        | |  3.6

Action                   |  1- 3 |  4- 6 || total
-------------------------+-------+-------++-------
Melee: War axe           |    70 |    15 ||    85
       Headbutt          |     8 |    11 ||    19
       Trident           |       |    70 ||    70
  Use: Potion            |       |     5 ||     5
       Scroll            |       |     1 ||     1
 Stab: Distracted        |       |     2 ||     2
  Eat: Chunk             |       |     4 ||     4
       Ration            |       |     1 ||     1
Armor: Scale mail        |    40 |    31 ||    71
Dodge: Dodged            |    39 |    26 ||    65
Block: Other             |       |     2 ||     2

Table legend:
 A = Non-vault XP
 B = Vault XP
 C = Vault XP percentage of total XP
 D = Non-vault monster count
 E = Vault monster count
 F = Vault count percentage of total count
                 A         B        C        D         E       F
            +---------+---------+-------+---------+---------+-------
      Total |     343 |      39 |  10.2 |      73 |      13 |  15.1
            +---------+---------+-------+---------+---------+-------
        D:1 |      28 |       0 |   0.0 |      18 |       0 |   0.0
        D:2 |     106 |      39 |  26.9 |      30 |      13 |  30.2
        D:3 |      94 |       0 |   0.0 |      21 |       0 |   0.0
        D:4 |     115 |       0 |   0.0 |       4 |       0 |   0.0
            +---------+---------+-------+---------+---------+-------
